 Dungeon Crawl Stone Soup version 0.22-a0-197-g4ac3794 (webtiles) character file.

189852 Amnesiac the Earth Mage (level 17, -1/68 HPs)
             Began as a Spriggan Earth Elementalist on Feb 17, 2018.
             Was a High Priest of Ashenzari.
             Slain by a moon troll (8 damage)
             ... in a wizard's laboratory on Feb 18, 2018.
             The game lasted 01:48:08 (35309 turns).

Amnesiac the Earth Mage (SpEE)                     Turns: 35309, Time: 01:48:09

Health: -1/68      AC:  5    Str:  2    XL:     17   Next: 96%
Magic:  61/62      EV: 28    Int: 23    God:    Ashenzari [*****.]
Gold:   965        SH: 11    Dex: 21    Spells: 1/53 levels left

rFire    . . .     SeeInvis +   a - +2 dagger (elec)
rCold    + + .     Gourm    .   u - +2 buckler of the Journeyman {rPois rC++ Dex+4} (curse)
rNeg     . . .     Faith    .   G - +0 robe (curse)
rPois    +         Spirit   .   O - +3 hat of Resilience {MP+9 Dex+2} (curse)
rElec    .         Reflect  .   g - +0 cloak
rCorr    .         Harm     .   (gloves unavailable)
MR       +++..     Clarity  +   (boots unavailable) Stlth ++++++....Rnd*Tele +
                                I - amulet of magic regeneration (curse)
HPRegen  0.05/turn              o - +3 ring of protection
MPRegen  0.63/turn              s - ring of magical power (curse)

@: about to teleport, corroded, slowed, lost strength, deflect missiles, quick
A: very small, unfitting armour, see invisible, clumsy 1, herbivore, speed 3,
[frail 2], high mp 1, magic resistance 1, slow metabolism 2, [teleportitis 1],
[weak 1]
a: Curse Item, Scrying, Transfer Knowledge, Renounce Religion


You were in a wizard's laboratory.
You worshipped Ashenzari.
Ashenzari was extremely pleased with you.
You were very full.

You visited 5 branches of the dungeon, and saw 23 of its levels.
You also visited: Wizlab.

You collected 2434 gold pieces.
You spent 1469 gold pieces at shops.

Inventory:

Hand Weapons
 a - a +2 dagger of electrocution (weapon)
 b - a +0 blowgun
 U - a +5 demon blade of draining
Missiles
 f - 891 arrows
 j - 390 stones (quivered)
 n - 68 poisoned needles
 t - 7 needles of sleeping
 w - 8 needles of frenzy
 P - 4 throwing nets
Armour
 d - a +0 buckler of protection
 g - a +0 cloak (worn)
 u - the cursed +2 buckler of the Journeyman (worn) {rPois rC++ Dex+4}
   (You bought it in a shop on level 8 of the Dungeon)

   It affects your dexterity (+4).
   It greatly protects you from cold.
   It protects you from poison.
   It has a curse placed upon it.
 G - a cursed +0 robe (worn)
 O - the cursed +3 hat of Resilience (worn) {MP+9 Dex+2}
   (You bought it in a shop on level 10 of the Dungeon)

   It affects your dexterity (+2).
   It affects your magic capacity (+9).
   It has a curse placed upon it.
Jewellery
 e - an uncursed ring of fire
 h - an uncursed ring of flight
 o - a +3 ring of protection (left hand)
 s - a cursed ring of magical power (right hand)
 I - a cursed amulet of magic regeneration (around neck)
 M - an uncursed ring of protection from cold
 T - the amulet of Wugoricoi {Acrobat rElec rF+++ rC- rN+++ Int-5}
   (You took it off a deep elf high priest on level 3 of the Elven Halls)

   [amulet of the acrobat]

   It helps you evade while moving and waiting.
   It affects your intelligence (-5).
   It renders you almost immune to fire.
   It makes you vulnerable to cold.
   It insulates you from electricity.
   It renders you almost immune to negative energy.
Wands
 c - a wand of iceblast (9)
 L - a wand of digging (2)
Scrolls
 p - 5 scrolls of enchant armour {!r}
 z - 4 scrolls of teleportation {!r}
 B - 3 scrolls of brand weapon {!r}
 D - a scroll of remove curse {!r}
 E - 3 scrolls of fear {!r}
 F - 4 scrolls of amnesia {!r}
 K - 5 scrolls of enchant weapon {!r}
 N - a scroll of magic mapping {!r}
 X - 2 scrolls of fog {!r}
Potions
 i - 2 potions of magic {!q}
 k - 9 potions of curing {!q}
 l - 5 potions of haste {!q}
 m - 2 potions of ambrosia {!q}
 x - 4 potions of brilliance {!q}
 A - a potion of heal wounds {!q}
 C - 3 potions of invisibility {!q}
 J - a potion of mutation {!q}
 V - 2 potions of agility {!q}
 W - a potion of might {!q}
 Y - 2 potions of flight {!q}


   Skills:
 - Level 8.0 Fighting
 - Level 10.1 Short Blades
 - Level 8.0(10.7) Dodging
 - Level 10.0(12.4) Stealth
 - Level 4.5(7.1) Shields
 + Level 18.6 Spellcasting
 - Level 6.1(8.9) Charms
 - Level 11.0(13.4) Transmutations
 - Level 3.1(5.4) Air Magic
 * Level 19.0(20.9) Earth Magic


You had one spell level left.
You knew the following spells:

 Your Spells              Type           Power        Failure   Level  Hunger
a - Sandblast             Erth           ######       0%          1    None
b - Passwall              Tmut/Erth      #######...   0%          2    None
c - Sticks to Snakes      Tmut           ######..     0%          2    None
d - Lee's Rapid Deconstr  Erth           #######...   0%          5    None
e - Petrify               Tmut/Erth      #######.     1%          4    None
f - Alistair's Intoxicat  Tmut/Pois      ######..     3%          5    None
i - Summon Butterflies    Summ           ###.....     1%          1    None
j - Poisonous Vapours     Pois/Air       ####..       1%          2    None
k - Deflect Missiles      Chrm/Air       ######....   19%         6    ####...
l - Shatter               Erth           #######...   32%         9    #######
q - Yara's Violent Unrav  Hex/Tmut       ######....   3%          5    None
v - Blink                 Tloc           N/A          3%          2    None
w - Irradiate             Conj/Tmut      ######....   3%          5    None
z - Ozocubu's Armour      Chrm/Ice       #####...     1%          3    None


Dungeon Overview and Level Annotations

Branches:
Dungeon (15/15)            Temple (1/1) D:5            Lair (0/6) D:10
    Orc (2/2) D:10            Elf (3/3) Orc:2        Vaults (0/5) D:14
 Depths (2/5) D:15

Altars:
Ashenzari
Cheibriados
Dithmenos
Elyvilon
Fedhas
Gozag
Hepliaklqana
Kikubaaqudgha
Makhleb
Nemelex Xobeh
Okawaru
Qazlal
Ru
Sif Muna
Trog
Uskayaw
Vehumet
Wu Jian
Xom
Yredelemnul
Zin
The Shining One
Jiyva

Shops:
D:8 *   D:10 [   Orc:1 *   Orc:2 ([*:(

Portals:
Abyss: Depths:2
Ziggurat: Depths:2

Annotations:
Elf:2 4 runed doors, exclusion: 4 doors
Elf:3 exclusion: deep elf knight, Donald, Louise


Innate Abilities, Weirdness & Mutations

You are very small and have problems with some larger weapons.
You are too small for most types of armour.
You have supernaturally acute eyesight. (SInv)
You are a herbivore.
You cover ground extremely quickly.
You need consume almost no food.
You are clumsy. (Dex -2)
You have an increased reservoir of magic. (+10% MP)
You are resistant to hostile enchantments. (MR+)
[You are very frail. (-20% HP)]
[You are occasionally teleported next to monsters.]
[You are weak. (Str -2)]


Message History

The blast of crystal shards hits the moon troll.
The blast of crystal shards hits the tentacled starspawn.
The tentacled starspawn is almost destroyed.
The blast of crystal shards hits the starspawn tentacle.
You destroy the starspawn tentacle!
You destroy the tentacled starspawn!
You feel the corruption within you wane somewhat.
You feel stronger.
You feel stable.
You feel a little more calm.
Your base Earth Magic skill increases to level 19!
Unknown command.
Casting: Lee's Rapid Deconstruction (safe; 0% risk of failure)
Confirm with . or Enter, or press ? or * to list all spells.
Aiming: Lee's Rapid Deconstruction (safe; 0% risk of failure)
Press: ? - help, Dir - move target cursor
Okay, then.
The moon troll casts a spell at you. The bolt of acid misses you.
Found a sparkling book.
Casting: Lee's Rapid Deconstruction (safe; 0% risk of failure)
Confirm with . or Enter, or press ? or * to list all spells.
Aiming: Petrify (safe; 1% risk of failure)
Press: ? - help, Shift-Dir - straight line, f - moon troll
Aim: a moon troll, wearing the +4 moon troll leather armour {Spirit, Regen++ MP+5} (chance to defeat MR: 2%)
The moon troll resists with almost no effort.
Unknown command.
Unknown command.
The moon troll closely misses you. You block the moon troll's attack. x2
Press: ? - help, v - describe, . - travel
Here: a moon troll, wearing the +4 moon troll leather armour {Spirit, Regen++ MP+5} The floor.
The moon troll gestures at you while chanting.
You deflect the bolt of acid!
The bolt of acid hits the demonic plant.
The demonic plant is splashed with acid.
The acid corrodes the demonic plant!
The moon troll casts a spell at you. The bolt of acid hits you!
* * * LOW HITPOINT WARNING * * *
The acid corrodes you!
You are splashed with acid!
The acid burns!
* * * LOW HITPOINT WARNING * * *
The bolt of acid hits the demonic plant.
The demonic plant is splashed with acid.
The acid corrodes the demonic plant!
The demonic plant is destroyed!
You see here Lehudib's Volume of Stones and Conjuration.
Okay, then.
Unknown command.
Press: ? - help, v - describe, . - travel
Here: a moon troll, wearing the +4 moon troll leather armour {Spirit, Regen++ MP+5} The floor.
Casting: Petrify (safe; 1% risk of failure)
Confirm with . or Enter, or press ? or * to list all spells.
Aiming: Petrify (safe; 1% risk of failure)
Press: ? - help, Shift-Dir - straight line, f/p - moon troll
Aim: a moon troll, wearing the +4 moon troll leather armour {Spirit, Regen++ MP+5} (chance to defeat MR: 2%)
Okay, then.
Unknown command.
Unknown command.
Okay, then.
Unknown command.
Really read
z - 5 scrolls of teleportation {!r}?
As you read the scroll of teleportation {!r}, it crumbles to dust.
You feel strangely unstable. The moon troll completely misses you.
You block the moon troll's attack. The moon troll claws you!
You die...

...## ### ##### ### ###. #...##
###.###...###.### ## ##...##
###...............### #
##...###.(..†...###.#......##
##
##........#..†........#....###.
##.......##.........##.....÷..
#........#..#####..#....#....
##...##...####...####.....÷##.
*
#....###...#.@T.....###....##.
*
#.....###..##.........##..÷...
###....##...######.....##..#..
* ,##.......###...###....#(...#
, ###....##.......##...##...#
,, , ###.##.........##...#...#
, ###($#........#...#.X.# *,, ,
∆ #......Λw....##... * , **
*∆∆#......│.......#...


You could see a moon troll.

Vanquished Creatures
  3 deep elf blademasters
  2 deep elf master archers (Elf:3)
  A quicksilver dragon (WizLab)
  6 tentacled starspawn (WizLab)
  Kirke (D:15)
  Roxanne (D:14)
  7 deep elf sorcerers (Elf:3)
  An orc warlord (Orc:2)
  5 deep elf elementalists (Elf:3)
  7 very ugly things
  4 stone giants
  Azrael (Elf:1)
  5 deep elf demonologists
  2 deep elf annihilators (Elf:3)
  Nessos (D:15)
  2 spark wasps
  6 deep elf death magi (Elf:3)
  2 ettins
  3 great orbs of eyes (WizLab)
  Josephine (D:10)
  3 deep elf high priests (Elf:3)
  Harold (Orc:1)
  5 hydras
  5 centaur warriors
  3 ogre magi
  27 dancing weapons
  14 two-headed ogres
  The ghost of esteth the Grappler, a journeyman VSMo of Wu Jian (D:10)
  4 orc high priests (Orc:2)
  2 tengu warriors
  16 deep elf knights
  A wretched star (WizLab)
  5 skeletal warriors (D:15)
  A hell knight (D:15)
  5 unseen horrors
  2 glowing orange brains
  7 deep elf archers
  7 orc knights
  Pikel (D:5)
  48 deep elf magi
  A wolf spider zombie (D:13)
  31 ugly things
  5 orc sorcerers
  A cyclops (D:15)
  Maurice (Orc:2)
  A black mamba (shapeshifter) (D:14)
  2 eyes of devastation (WizLab)
  Psyche (D:10)
  2 gargoyles (D:14)
  3 rime drakes (D:15)
  An efreet (D:13)
  A freezing wraith (D:15)
  2 kobold demonologists
  A yaktaur (D:15)
  2 tengu conjurers (D:9)
  A hornet (D:7)
  7 trolls
  7 slime creatures
  12 hippogriffs
  An air elemental (Elf:3)
  3 water elementals
  4 wraiths
  8 wyverns
  3 vampires
  A spriggan (D:8)
  5 hogs (D:15)
  18 yaks
  3 shadows
  12 basilisks
  4 fire elementals
  3 hungry ghosts
  4 vampire mosquitoes
  Menkaure (D:4)
  5 hell hounds
  2 water moccasins
  A floating eye (Depths:2)
  3 ice beasts
  4 sky beasts
  15 ogres
  4 slaves (D:5)
  A hornet zombie (D:15)
  A phantom (D:8)
  2 eyes of draining (D:12)
  34 orc warriors
  10 centaurs
  A crocodile (D:8)
  6 big kobolds
  17 bullfrogs
  A gnoll sergeant (D:5)
  2 earth elementals
  A wyvern skeleton (D:13)
  6 scorpions
  9 killer bees
  3 wights (D:10)
  4 bullfrog zombies
  4 crimson imps
  2 centaur zombies
  24 orc priests
  7 hounds
  33 orc wizards
  7 centaur skeletons
  5 bullfrog skeletons
  8 jellies
  Terence (D:3)
  A gnoll shaman (D:7)
  Natasha (thrice) (D:2)
  3 iguanas
  5 worker ants
  A hound zombie (D:7)
  A howler monkey zombie (D:11)
  3 worker ant zombies
  14 gnolls
  10 adders
  3 shadow imps
  2 oozes
  An adder skeleton (D:7)
  4 worms
  3 dart slugs
  9 leopard geckos
  108 orcs
  5 giant cockroaches
  7 hobgoblins
  4 jackals (D:3)
  18 kobolds
  6 quokkas
  2 ball pythons (D:2)
  8 bats
  3 frilled lizards (D:1)
  13 goblins
  A quokka zombie (D:5)
  8 rats
  2 crawling corpses (Elf:3)
  8 starspawn tentacles (WizLab)
850 creatures vanquished.

Vanquished Creatures (collateral kills)
  A quokka (D:5)
  A frilled lizard (D:5)
2 creatures vanquished.

Vanquished Creatures (others)
  A deep elf mage (Elf:3)
  2 humans (D:15)
  An orc wizard (D:5)
  An adder (D:5)
  2 orcs (D:5)
  A demonic plant (WizLab)
  10 plants (Depths:2)
  11 starspawn tentacles (WizLab)
29 creatures vanquished.

Grand Total: 881 creatures vanquished

Notes
Turn   | Place    | Note
-------+----------+-------------------------------------------
     0 | D:1      | Amnesiac the Spriggan Earth Elementalist began the quest for the Orb.
     0 | D:1      | Reached XP level 1. HP: 9/9 MP: 5/5
   107 | D:2      | Found a hazy altar of Hepliaklqana.
   140 | D:2      | Noticed Natasha
   145 | D:2      | Found an ornate altar of the Wu Jian Council.
   201 | D:2      | Reached XP level 2. HP: 13/13 MP: 0/6
   308 | D:2      | Killed Natasha
   308 | D:2      | Reached skill level 5 in Dodging
   308 | D:2      | Reached XP level 3. HP: 14/16 MP: 2/8
   564 | D:5      | Entered Level 5 of the Dungeon
   851 | D:4      | Found a shimmering altar of Xom.
   853 | D:4      | Found a shattered altar of Ashenzari.
   853 | D:4      | Found a shimmering altar of Xom.
   855 | D:4      | Found an iron altar of Okawaru.
   855 | D:4      | Found a glowing silver altar of Zin.
   855 | D:4      | Found a glowing golden altar of the Shining One.
   930 | D:4      | Noticed Menkaure
   935 | D:4      | Killed Menkaure
   935 | D:4      | Reached XP level 4. HP: 21/21 MP: 3/9
   935 | D:4      | Reached XP level 5. HP: 24/24 MP: 3/10
  1125 | D:5      | Reached skill level 1 in Fighting
  1178 | D:5      | Noticed a sky beast
  1178 | D:5      | Noticed a phantom
  1256 | D:5      | Noticed Pikel
  1256 | D:5      | Noticed a slave
  1256 | D:5      | Noticed a slave
  1256 | D:5      | Noticed a slave
  1256 | D:5      | Noticed a slave
  1281 | D:5      | Killed a slave
  1677 | D:6      | Reached XP level 6. HP: 27/32 MP: 6/11
  1811 | D:6      | Learned a level 2 spell: Passwall
  1814 | D:6      | Learned a level 2 spell: Sticks to Snakes
  1819 | D:6      | Learned a level 4 spell: Petrify
  2009 | D:6      | Reached skill level 1 in Short Blades
  2788 | D:5      | Learned a level 1 spell: Sandblast
  3483 | D:3      | Reached XP level 7. HP: 36/36 MP: 12/12
  3486 | D:3      | Noticed Terence
  3487 | D:3      | Found an opulent altar of Gozag.
  3507 | D:2      | Found a shimmering altar of Xom.
  3507 | D:2      | Found a stormy altar of Qazlal.
  3507 | D:2      | Found a shattered altar of Ashenzari.
  3507 | D:2      | Found an iron altar of Okawaru.
  3516 | D:2      | Became a worshipper of Ashenzari the Shackled
  4036 | D:1      | Learned a level 1 spell: Beastly Appendage
  4613 | D:2      | Noticed Natasha
  4629 | D:2      | Killed Natasha
  4629 | D:2      | Reached skill level 3 in Earth Magic
  5030 | D:3      | Killed Terence
  5718 | D:2      | Found an ornate altar of the Wu Jian Council.
  5750 | D:2      | Noticed Natasha
  5756 | D:2      | Killed Natasha
  5886 | D:2      | Found a shattered altar of Ashenzari.
  5905 | D:2      | Found a hazy altar of Hepliaklqana.
  6330 | D:5      | Reached skill level 5 in Spellcasting
  6518 | D:5      | Found a staircase to the Ecumenical Temple.
  6813 | D:5      | Reached XP level 8. HP: 38/40 MP: 18/18
  7059 | D:6      | Learned a level 5 spell: Lee's Rapid Deconstruction
  7142 | D:6      | Reached * piety under Ashenzari
  7713 | D:7      | Found a shadowy altar of Dithmenos.
  7732 | D:7      | Found a white marble altar of Elyvilon.
  7914 | D:7      | Reached skill level 10 in Spellcasting
  8194 | D:7      | Noticed a two-headed ogre
  8195 | D:7      | Noticed a hornet
  8211 | D:7      | Killed a hornet
  8211 | D:7      | Reached XP level 9. HP: 24/44 MP: 5/25
  8787 | D:7      | Killed a two-headed ogre
  9073 | D:8      | Noticed a two-headed ogre
  9096 | D:8      | Killed a two-headed ogre
  9096 | D:8      | Reached skill level 4 in Earth Magic
  9235 | D:8      | Found a bloodstained altar of Trog.
  9264 | D:8      | Reached XP level 10. HP: 45/49 MP: 19/28
  9436 | D:8      | Found a hide-covered altar of Uskayaw.
  9440 | D:8      | Reached skill level 5 in Transmutations
  9440 | D:8      | Reached skill level 5 in Earth Magic
  9492 | D:8      | Found Fitwill's Assorted Antiques.
  9589 | D:8      | Bought a faintly glowing buckler for 275 gold pieces
  9594 | D:8      | Identified the +2 buckler of the Journeyman {rPois rC++ Dex+4} (You bought it in a shop on level 8 of the Dungeon)
 10097 | D:9      | Reached skill level 6 in Earth Magic
 10111 | D:9      | Found an ancient bone altar of Kikubaaqudgha.
 10498 | D:9      | Reached skill level 7 in Earth Magic
 10760 | D:9      | Found a sacrificial altar of Ru.
 10852 | D:9      | Reached ** piety under Ashenzari
 11101 | D:10     | Entered Level 10 of the Dungeon
 11110 | D:10     | Noticed Josephine
 11150 | D:9      | Reached skill level 1 in Shields
 11336 | D:10     | Noticed esteth's ghost (journeyman VSMo)
 11345 | D:10     | Killed esteth's ghost
 11487 | D:10     | Found a staircase to the Orcish Mines.
 11497 | D:10     | Noticed Psyche
 11564 | D:10     | Killed Psyche
 11564 | D:10     | Reached XP level 11. HP: 37/52 MP: 17/29
 11669 | D:10     | Found Bugh's Antique Armour Emporium.
 11976 | D:10     | Killed Josephine
 12316 | D:10     | Found a staircase to the Lair.
 12792 | Orc:1    | Entered Level 1 of the Orcish Mines
 12817 | D:10     | Reached skill level 8 in Earth Magic
 12870 | D:10     | Bought a shimmering hat for 234 gold pieces
 12875 | D:10     | Identified the +3 hat of Resilience {MP+9 Dex+2} (You bought it in a shop on level 10 of the Dungeon)
 12898 | Orc:1    | Noticed an ettin
 12908 | Orc:1    | Killed an ettin
 13148 | Orc:1    | Noticed Harold
 13331 | Orc:1    | Noticed an orc knight
 13537 | Orc:1    | Noticed an orc knight
 13552 | Orc:1    | Killed an orc knight
 13633 | Orc:2    | Entered Level 2 of the Orcish Mines
 13942 | Orc:2    | Found a staircase to the Elven Halls.
 14076 | Orc:2    | Found Rujovan's Weapon Emporium.
 14093 | Orc:2    | Reached skill level 9 in Earth Magic
 14162 | Orc:2    | Noticed an orc knight
 14175 | Orc:2    | Killed an orc knight
 14489 | Orc:2    | Noticed Maurice
 14489 | Orc:2    | Paralysed by Maurice for 2 turns
 14641 | Orc:2    | Killed Maurice
 14647 | Orc:2    | Noticed an orc sorcerer
 14800 | Orc:2    | Killed an orc sorcerer
 14835 | Orc:2    | Noticed an orc sorcerer
 14844 | Orc:2    | Killed an orc sorcerer
 14844 | Orc:2    | Reached skill level 5 in Fighting
 14887 | Orc:2    | Noticed an orc high priest
 14959 | Orc:2    | Noticed an orc high priest
 14976 | Orc:2    | Noticed a sixfirhy
 15158 | Orc:1    | Killed Harold
 15158 | Orc:1    | Reached XP level 12. HP: 28/60 MP: 13/30
 15236 | Orc:1    | Paralysed by an orc sorcerer for 7 turns
 15359 | Orc:1    | Reached skill level 10 in Transmutations
 15359 | Orc:1    | Reached skill level 10 in Earth Magic
 15393 | Orc:1    | Found Yporghiy's General Store.
 15668 | Orc:2    | Killed an orc high priest
 15715 | Orc:2    | Killed an orc high priest
 15715 | Orc:2    | Reached skill level 5 in Short Blades
 15966 | Orc:2    | Noticed an orc high priest
 15977 | Orc:2    | Noticed an orc warlord
 16070 | Orc:2    | Killed an orc high priest
 16227 | Orc:2    | Noticed an orc high priest
 16236 | Orc:2    | Killed an orc high priest
 16335 | Orc:2    | Killed an orc warlord
 16775 | Orc:2    | Reached *** piety under Ashenzari
 16863 | Orc:2    | Found Kucs's Antique Armour Shop.
 16864 | Orc:2    | Found Violoite's Antique Weapon Shop.
 16865 | Orc:2    | Found Ummi's General Store.
 16865 | Orc:2    | Found Olares's Book Boutique.
 17038 | Orc:2    | Bought a brightly glowing troll leather armour for 440 gold pieces
 17038 | Orc:2    | Identified the cursed +0 troll leather armour of Patterns {rN+ MR+ Regen+} (You bought it in a shop on level 2 of the Orcish Mines)
 17144 | D:11     | Noticed a two-headed ogre
 17146 | D:11     | Found a viscous altar of Jiyva.
 17168 | D:11     | Killed a two-headed ogre
 17320 | D:11     | Noticed a two-headed ogre
 17327 | D:11     | Killed a two-headed ogre
 17462 | D:11     | Reached XP level 13. HP: 63/63 MP: 32/32
 18968 | D:13     | Reached **** piety under Ashenzari
 18972 | D:13     | Got the hunting sling "Pioruh" {flame, rElec Dex+5}
 18973 | D:13     | Identified the +5 hunting sling "Pioruh" {flame, rElec Dex+5} (You found it on level 13 of the Dungeon)
 19446 | D:13     | Reached skill level 15 in Spellcasting
 19742 | D:14     | Noticed Roxanne
 20213 | D:14     | Reached XP level 14. HP: 73/73 MP: 14/35
 21046 | D:14     | Found a gate to the Vaults.
 21689 | D:14     | Killed Roxanne
 21695 | D:14     | Identified Roxanne's Reference Book on Changing (You took it off Roxanne on level 14 of the Dungeon)
 21791 | D:14     | Learned a level 5 spell: Alistair's Intoxication
 21797 | D:14     | Learned a level 5 spell: Irradiate
 21803 | D:14     | Learned a level 5 spell: Yara's Violent Unravelling
 21805 | D:15     | Entered Level 15 of the Dungeon
 21846 | D:15     | Noticed Kirke
 21870 | D:15     | Killed Kirke
 22149 | D:15     | Identified the +1 robe "Wisiong" {rPois Int-5 Dex-3 Slay+4} (You took it off a yaktaur on level 15 of the Dungeon)
 22300 | D:15     | Found a staircase to the Depths.
 22430 | D:15     | Reached skill level 11 in Earth Magic
 22468 | D:15     | Noticed Nessos
 22510 | D:15     | Killed Nessos
 22751 | D:15     | Reached XP level 15. HP: 77/77 MP: 15/38
 22778 | D:15     | Reached skill level 12 in Earth Magic
 23784 | D:15     | Reached skill level 13 in Earth Magic
 24763 | D:5      | Killed Pikel
 24897 | D:5      | Found a staircase to the Ecumenical Temple.
 25328 | Temple   | Entered the Ecumenical Temple
 25328 | Temple   | Reached ***** piety under Ashenzari
 25775 | Elf:1    | Entered Level 1 of the Elven Halls
 25800 | Elf:1    | HP: 3/77 [deep elf mage/bolt of lightning (24)]
 26305 | Elf:1    | Identified the Incunabulum of Slavery
 26316 | Elf:1    | Learned a level 1 spell: Summon Butterflies
 26444 | Elf:1    | Noticed Azrael
 26460 | Elf:1    | Killed Azrael
 26460 | Elf:1    | Reached skill level 14 in Earth Magic
 27776 | Elf:2    | Found a huge runed gate.
 27776 | Elf:2    | Found a huge runed gate.
 27776 | Elf:2    | Found a huge runed gate.
 27777 | Elf:2    | Found a huge runed gate.
 27779 | Elf:2    | Found a huge runed gate.
 27802 | Elf:2    | Reached skill level 15 in Earth Magic
 28343 | Elf:2    | Reached XP level 16. HP: 81/81 MP: 14/39
 28796 | Elf:2    | Noticed a deep elf blademaster
 28822 | Elf:2    | Killed a deep elf blademaster
 29395 | Elf:2    | Reached skill level 16 in Earth Magic
 30134 | Elf:3    | Entered Level 3 of the Elven Halls
 30277 | Elf:3    | Gained mutation: Your body sometimes deteriorates upon taking damage. [mutagenic glow]
 30343 | Elf:3    | Lost mutation: Your body sometimes deteriorates upon taking damage. [potion of mutation]
 30343 | Elf:3    | Gained mutation: You have an increased reservoir of magic. (+10% MP) [potion of mutation]
 30343 | Elf:3    | Gained mutation: You are clumsy. (Dex -2) [potion of mutation]
 30343 | Elf:3    | Gained mutation: You are resistant to hostile enchantments. (MR+) [potion of mutation]
 30613 | Elf:3    | Noticed a deep elf blademaster
 30619 | Elf:3    | Killed a deep elf blademaster
 30619 | Elf:3    | Reached skill level 17 in Earth Magic
 30626 | Elf:3    | Noticed a deep elf master archer
 30663 | Elf:3    | Killed a deep elf master archer
 30844 | Elf:3    | Found an ancient bone altar of Kikubaaqudgha.
 31067 | Elf:3    | Noticed Donald
 31154 | Elf:3    | Noticed Louise
 31215 | Elf:3    | Noticed a deep elf blademaster
 31248 | Elf:3    | Killed a deep elf blademaster
 31303 | Elf:3    | Identified the +9 plate armour of Ipyargh {rPois rC+ Str-2 Int+5} (You took it off a deep elf high priest on level 3 of the Elven Halls)
 31633 | Elf:3    | Noticed a deep elf master archer
 31635 | Elf:3    | Reached skill level 18 in Earth Magic
 31637 | Elf:3    | Reached XP level 17. HP: 85/85 MP: 16/44
 32308 | Elf:3    | Noticed a Hell Sentinel
 32364 | Elf:3    | Got the lajatang of Hatred {vamp, MR+ Str+4}
 32409 | Elf:3    | Identified the amulet of Wugoricoi {Acrobat rElec rF+++ rC- rN+++ Int-5} (You took it off a deep elf high priest on level 3 of the Elven Halls)
 32867 | Elf:3    | Killed a deep elf master archer
 32943 | Elf:3    | Identified the +4 lajatang of Hatred {vamp, MR+ Str+4} (You took it off a deep elf demonologist on level 3 of the Elven Halls)
 33009 | Elf:3    | Found the +3 pair of gauntlets of War {Slay+5}
 33049 | Elf:3    | Identified the Handbook of Aerial Good Luck
 33054 | Elf:3    | Learned a level 3 spell: Ozocubu's Armour
 33057 | Elf:3    | Learned a level 2 spell: Poisonous Vapours
 33064 | Elf:3    | Learned a level 6 spell: Deflect Missiles
 33067 | Elf:3    | Identified the Papyrus of Earthen Transmigration
 33078 | Elf:3    | Learned a level 9 spell: Shatter
 33813 | D:15     | Learned a level 2 spell: Blink
 33947 | D:10     | Bought a steaming troll leather armour for 520 gold pieces
 33947 | D:10     | Identified the cursed +1 troll leather armour of the Dozen Continents {+Fly rPois rC- Regen+ Int-5} (You bought it in a shop on level 10 of the Dungeon)
 34080 | Depths:1 | Identified a paperback manual
 34080 | Depths:1 | Entered Level 1 of the Depths
 34091 | Depths:2 | Found a one-way gate to the infinite horrors of the Abyss.
 34104 | Depths:1 | Reached skill level 1 in Charms
 34108 | Depths:1 | Reached skill level 1 in Air Magic
 34149 | Depths:2 | Noticed a lich
 34160 | Depths:2 | Paralysed by a floating eye for 2 turns
 34239 | Depths:2 | Identified the +1 scale mail of Makhleb's Envy {*Slow rCorr Dex+8}
 34273 | Depths:2 | Found a gateway to a ziggurat.
 34317 | Depths:2 | Found a magical portal.
 34326 | WizLab   | Entered Lehudib's Moon Base
 34761 | WizLab   | Reached skill level 5 in Charms
 34774 | WizLab   | Reached skill level 10 in Stealth
 34862 | WizLab   | Noticed a quicksilver dragon
 34885 | WizLab   | Killed a quicksilver dragon
 35083 | WizLab   | Reached skill level 10 in Short Blades
 35230 | WizLab   | Lost strength.
 35288 | WizLab   | Noticed a moon troll
 35298 | WizLab   | Reached skill level 19 in Earth Magic
 35308 | WizLab   | Identified Lehudib's Volume of Stones and Conjuration
 35309 | WizLab   | Slain by a moon troll

Vault maps used:
D:1:      dpeg_arrival_orchard, st_stairs_12
D:2:      nicolae_overflow_crystal_walls, lemuel_round_altar,
          nicolae_overflow_hidden_temple, first_ration,
          kennysheep_generic_room_16, uniq_natasha
D:3:      grunt_gozag_statues, uniq_terence
D:4:      doesnt_xom_only_xom, uniq_menkaure
D:5:      minmay_temple_entry_glass, lemuel_flamethrower_2, uniq_pikel
D:7:      elyvilon_altar_1, kennysheep_mini_moat
D:8:      eat_drink_and_be_merry_uskayaw, serial_shops,
          nicolae_shop_statue_plus, grunt_pizzeria, roderic_serpentine_path,
          bloody_trog
D:9:      overflow_temple_1_default, nicolae_ru_sacrificial_ziggurat
D:10:     minmay_lair_entry_lava, david_orc_3, serial_shops, shop,
          solitary_fountain, uniq_psyche, uniq_josephine
D:11:     jiyva_altar_1
D:14:     hangedman_vaults_entry_quadrant_bands, minivault_24,
          lemuel_nasty_fountain, uniq_roxanne
D:15:     hangedman_depths_entry_civil_slaughter, special_room,
          roderic_roman_lattice, uniq_kirke, uniq_nessos
Temple:   dpeg_chambers_temple
Orc:1:    serial_shops, nicolae_shop_stone, rock_pile, uniq_harold
Orc:2:    st_orc_congregation, serial_shops, shop, nicolae_orc_stony_grotto,
          uniq_maurice
Elf:1:    eino_elf_arrival_sip, minmay_elf_demonology, minivault_28, uniq_azrael
Elf:3:    minmay_elf_hall_x, basic_altar, grunt_megastairs_2, uniq_donald,
          uniq_louise
Depths:1: grunt_pan_entry_zigzag, hell_entry, kennysheep_generic_room_6,
          minmay_shop_star, serial_bayou_shore_b
Depths:2: kennysheep_bubble_arena, enter_ziggurat_b, abyss_entry,
          mu_enter_wizlab_6, hell_entry, serial_bayou_lagoon_b, uniq_enchantress
WizLab:   wizlab_lehudib

Skill      XL: |  1  2  3  4  5  6  7  8  9 10 11 12 13 14 15 16 17 |
---------------+----------------------------------------------------+-----
Dodging        | 4 5 8 |  8.0
Fighting       | 2 3 5 8 |  8.0
Short Blades   | 2 3 8 10 | 10.1
Transmutations | 2 3 4 7 9 10 11 | 11.0
Spellcasting   | 6 11 13 14 16 18 | 18.6
Earth Magic    | 3 4 7 9 10 11 15 18 19 | 19.0
Shields        | 3 4 |  4.5
Stealth        | 8 10 | 10.0
Charms         | 6 |  6.1
Air Magic      | 3 |  3.1

Action                   |  1- 3 |  4- 6 |  7- 9 | 10-12 | 13-15 | 16-18 || total
-------------------------+-------+-------+-------+-------+-------+-------++-------
Melee: Dagger            |       |    44 |   664 |   590 |   467 |    93 ||  1858
 Cast: Sandblast         |    25 |    82 |    45 |    79 |   135 |    62 ||   428
       Sticks to Snakes  |       |     5 |       |       |       |       ||     5
       Petrify           |       |     2 |    43 |   160 |   122 |    19 ||   346
       Passwall          |       |     1 |     6 |    23 |    49 |     3 ||    82
       Beastly Appendage |       |       |     1 |       |       |       ||     1
       Lee's Rapid Decon |       |       |       |    57 |   165 |   168 ||   390
       Irradiate         |       |       |       |       |     1 |    32 ||    33
       Alistair's Intoxi |       |       |       |       |     1 |     1 ||     2
       Summon Butterflie |       |       |       |       |     1 |       ||     1
       Yara's Violent Un |       |       |       |       |       |     4 ||     4
       Poisonous Vapours |       |       |       |       |       |     3 ||     3
       Ozocubu's Armour  |       |       |       |       |       |     1 ||     1
       Deflect Missiles  |       |       |       |       |       |     1 ||     1
Invok: Curse Item        |       |       |       |     2 |       |     2 ||     4
Evoke: Wand              |       |       |       |       |       |     2 ||     2
  Use: Scroll            |       |     9 |     5 |    10 |     3 |     7 ||    34
       Potion            |       |     6 |       |       |       |     4 ||    10
 Stab: Sleeping          |       |     5 |    15 |    28 |    54 |     7 ||   109
       Petrified         |       |     4 |    39 |   125 |    63 |    18 ||   249
       Invisible         |       |     2 |       |       |       |       ||     2
       Distracted        |       |     1 |     2 |       |     2 |     2 ||     7
       Petrifying        |       |       |     6 |    42 |    43 |     6 ||    97
  Eat: Ration            |       |     1 |     6 |     9 |     7 |     6 ||    29
Armor: Robe              |       |     6 |    77 |    23 |    22 |     9 ||   137
Dodge: Dodged            |    24 |    66 |   560 |   282 |   230 |   139 ||  1301
       Deflected         |       |       |       |       |       |     3 ||     3
Block: Buckler           |       |       |       |   172 |   140 |    84 ||   396

Table legend:
 A = Spawn XP
 B = Non-spawn XP
 C = Spawn XP percentage of total XP
 D = Spawn monster count
 E = Non-spawn monster count
 F = Spawn count percentage of total count
 G = Total turns spent on level
                    A         B        C        D         E        F      G
               +---------+---------+-------+---------+---------+-------+---------
         Total |       0 |  287132 |   0.0 |       0 |     836 |   0.0 | 35309
               +---------+---------+-------+---------+---------+-------+---------
           D:1 |       0 |      50 |   0.0 |       0 |      24 |   0.0 |   534
           D:2 |       0 |     184 |   0.0 |       0 |      24 |   0.0 |  1759
           D:3 |       0 |     108 |   0.0 |       0 |      28 |   0.0 |   929
           D:4 |       0 |     197 |   0.0 |       0 |       5 |   0.0 |  1448
           D:5 |       0 |    1427 |   0.0 |       0 |      34 |   0.0 |  2607
           D:6 |       0 |     551 |   0.0 |       0 |      15 |   0.0 |  1122
           D:7 |       0 |    2416 |   0.0 |       0 |      37 |   0.0 |  1573
           D:8 |       0 |    2533 |   0.0 |       0 |      28 |   0.0 |   984
           D:9 |       0 |    3000 |   0.0 |       0 |      28 |   0.0 |  1630
          D:10 |       0 |    4462 |   0.0 |       0 |      39 |   0.0 |  1376
          D:11 |       0 |    8415 |   0.0 |       0 |      43 |   0.0 |   941
          D:12 |       0 |    7862 |   0.0 |       0 |      42 |   0.0 |  1013
          D:13 |       0 |    6832 |   0.0 |       0 |      26 |   0.0 |   984
          D:14 |       0 |   22929 |   0.0 |       0 |      59 |   0.0 |  2095
          D:15 |       0 |   42406 |   0.0 |       0 |      97 |   0.0 |  2758
         Orc:1 |       0 |    5120 |   0.0 |       0 |      31 |   0.0 |  1368
         Orc:2 |       0 |   14219 |   0.0 |       0 |     100 |   0.0 |  2981
         Elf:1 |       0 |   24061 |   0.0 |       0 |      40 |   0.0 |  2231
         Elf:2 |       0 |   33188 |   0.0 |       0 |      41 |   0.0 |  2985
         Elf:3 |       0 |   61840 |   0.0 |       0 |      59 |   0.0 |  2520
      Depths:1 |       0 |    5056 |   0.0 |       0 |       4 |   0.0 |    72
      Depths:2 |       0 |    4477 |   0.0 |       0 |       5 |   0.0 |   174
        WizLab |       0 |   35799 |   0.0 |       0 |      27 |   0.0 |   983
               +---------+---------+-------+---------+---------+-------+---------
